 Dungeon Crawl Stone Soup version 0.31-a0-920-g28cbb04a8c (webtiles) character file.

Game seed: 16295249320530623853

2639 sircluck the Grappler (level 9, -2/87 HPs)
             Began as a Troll Berserker on Oct 17, 2023.
             Was an Elder of Trog.
             Slain by a sky beast (6 damage)
             ... on level 7 of the Dungeon.
             The game lasted 00:08:02 (8591 turns).

sircluck the Grappler (Troll Berserker)             Turns: 8591, Time: 00:08:02

Health: -2/87      AC:  4    Str: 30 (31) XL:     9   Next: 35%
Magic:  8/8        EV: 12    Int:  3      God:    Trog [****..]
Gold:   275        SH:  0    Dex: 15      Spells: 8/8 levels left

rFire   . .          .
                       - Unarmed
rCold   . . .        (no shield)
rNeg    . . .        a - +0 animal skin
rPois   .            (helmet restricted)
rElec   .            (no cloak)
rCorr   +            (gloves unavailable)
SInv    .            (boots unavailable)
Will    .....        c - amulet of faith
Stlth   ++           q - +6 ring of dexterity
HPRegen 1.14/turn    e - ring of resist corrosion
MPRegen 0.11/turn

%: faith
@: no status effects
A: large, unfitting armour, claws 3, regeneration 1, shaggy fur 1, tough skin 1
a: Renounce Religion, Berserk, Trog's Hand, Brothers in Arms


You were on level 7 of the Dungeon.
You worshipped Trog.
Trog was greatly pleased with you.
You visited 2 branches of the dungeon, and saw 8 of its levels.

You collected 275 gold pieces.

Inventory:

Missiles
 f - 49 stones (quivered)
 A - 2 throwing nets
Armour
 a - a +0 animal skin (worn)
Jewellery
 c - an amulet of faith (around neck)
 e - a ring of resist corrosion (right claw)
 n - an amulet of magic regeneration
 q - a +6 ring of dexterity (left claw)
 E - an amulet of the acrobat
Wands
 t - a wand of flame (15)
 z - a wand of paralysis (8)
Scrolls
 d - 7 scrolls of identify
 h - a scroll of immolation
 i - a scroll of teleportation
 j - 5 scrolls of vulnerability
 k - a scroll of poison
 s - a scroll of acquirement {unknown}
 u - 2 scrolls of silence {unknown}
 w - a scroll of brand weapon {unknown}
 x - a scroll of revelation {unknown}
 y - a scroll of enchant weapon {unknown}
 C - a scroll of summoning {unknown}
Potions
 b - a potion of degeneration
 g - a potion of lignification {unknown}
 l - a potion of might {unknown}
 m - a potion of magic {unknown}
 o - a potion of mutation {unknown}
 p - a potion of resistance {unknown}
 r - 4 potions of curing
 v - a potion of haste {unknown}
 B - a potion of heal wounds {unknown}
 D - a potion of attraction {unknown}


   Skills:
 + Level 4.8 Fighting
 + Level 5.5 Dodging
 + Level 1.7 Stealth
 + Level 10.1 Unarmed Combat


You had 8 spell levels left.
You didn't know any spells.
Your spell library was empty.

Dungeon Overview and Level Annotations

Branches:
Dungeon (7/15)             Temple (1/1) D:4

Altars:
Ashenzari
Cheibriados
Dithmenos
Elyvilon
Fedhas
Hepliaklqana
Kikubaaqudgha
Makhleb
Nemelex Xobeh
Ru
Sif Muna
Trog
Uskayaw
Vehumet
Xom
Yredelemnul
Zin
The Shining One

Shops:
D:6 =!


Innate Abilities, Weirdness & Mutations

You are too large for most types of armour.
You have claws for hands.
Your natural rate of healing is unusually fast.
You are covered in fur. (AC +1)
You have tough skin. (AC +1)


Message History

You are too injured to fight recklessly!
You are too injured to fight recklessly!
Unknown command.
The electric eel shoots out a bolt of lightning at you!
The bolt of electricity hits you!
* * * LOW HITPOINT WARNING * * *
You claw the electric eel!
The electric eel is almost dead.
Something hits you.
* * * LOW HITPOINT WARNING * * *
Something shocks you.
* * * LOW HITPOINT WARNING * * *
The electric eel shoots out a bolt of lightning at you!
The bolt of electricity misses the electric eel.
The bolt of electricity misses you.
Unknown command.
You claw the electric eel!
You kill the electric eel!
Trog accepts your kill. Something hits you.
* * * LOW HITPOINT WARNING * * *
Something shocks you.
* * * LOW HITPOINT WARNING * * *
You feel your intelligence returning.
Unknown command.
Unknown command.
You barely miss the electric eel. You claw the electric eel!
You kill the electric eel!
Trog accepts your kill. Something hits you.
* * * LOW HITPOINT WARNING * * *
Something shocks you.
* * * LOW HITPOINT WARNING * * *
Unknown command.
Unknown command.
Something hits you but does no damage. Something hits you.
* * * LOW HITPOINT WARNING * * *
Something shocks you.
You die...

## ## #.. .###
#.##...######
###########.#.#♣..P..P#.
............#.♣~~.~~~~~.
.............P~~~~~.~~..
..............~~~~≈≈≈.~~
..............~~~~~~≈~~~
...)..........P~@P~.~...
........).)....P.~~~♣~~♣
.............##.........
.............#####.#....
.......>.....# .#....
.............# .# #..
.............# .# ..
####.........#
.....##.######


There were no monsters in sight!

Vanquished Creatures
  Jeremiah (D:6)
  A troll (D:7)
  A hornet (D:5)
  Sigmund (D:5)
  Menkaure (D:5)
  A sky beast (D:6)
  An ogre (D:5)
  2 centaurs
  2 phantoms (D:4)
  Blork the orc (D:4)
  A scorpion (D:5)
  A wight (D:7)
  2 electric eels (D:7)
  3 hounds
  3 iron imps (D:4)
  2 jellies
  4 orc priests
  2 gnoll boudas (D:5)
  Ijyb (D:5)
  2 iguanas
  Natasha (thrice) (D:4)
  An orc wizard (D:5)
  12 gnolls
  13 adders
  2 shadow imps (D:5)
  2 ufetubi (D:5)
  2 worms
  2 dart slugs
  19 orcs
  5 bats
  6 endoplasms
  3 giant cockroaches
  8 goblins
  6 hobgoblins
  9 jackals
  12 kobolds
  7 quokkas
  3 ball pythons (D:2)
  5 frilled lizards
  4 rats
  A spectral goblin (D:6)
158 creatures vanquished.

Notes
Turn   | Place    | Note
-------+----------+-------------------------------------------
     0 | D:1      | sircluck the Troll Berserker began the quest for the Orb.
     0 | D:1      | Reached XP level 1. HP: 22/22 MP: 0/0
   245 | D:1      | Reached XP level 2. HP: 27/29 MP: 1/1
   483 | D:1      | Reached XP level 3. HP: 23/36 MP: 2/2
  1067 | D:2      | Reached ** piety under Trog
  1176 | D:2      | Reached skill level 4 in Unarmed Combat
  1176 | D:2      | Reached XP level 4. HP: 44/44 MP: 3/3
  1821 | D:3      | Reached XP level 5. HP: 52/53 MP: 4/4
  2018 | D:3      | Reached *** piety under Trog
  2551 | D:4      | Found a staircase to the Ecumenical Temple.
  2575 | Temple   | Entered the Ecumenical Temple
  2629 | D:4      | Noticed Natasha
  2636 | D:4      | Killed Natasha
  2668 | D:4      | Noticed a phantom
  2674 | D:4      | Killed a phantom
  2675 | D:4      | Reached skill level 5 in Unarmed Combat
  2675 | D:4      | Reached XP level 6. HP: 55/61 MP: 5/5
  2770 | D:5      | Entered Level 5 of the Dungeon
  2770 | D:5      | Noticed Sigmund
  2784 | D:5      | Killed Sigmund
  2785 | D:5      | Reached skill level 6 in Unarmed Combat
  2785 | D:5      | Reached XP level 7. HP: 44/67 MP: 6/6
  2808 | D:4      | Noticed Blork the orc
  2814 | D:4      | Killed Blork the orc
  2930 | D:4      | Found a burning altar of Makhleb.
  3046 | D:4      | Found a shadowy altar of Dithmenos.
  3229 | D:4      | Reached skill level 7 in Unarmed Combat
  3389 | D:4      | Noticed Natasha
  3395 | D:4      | Killed Natasha
  4167 | D:4      | Noticed Natasha
  4171 | D:4      | Killed Natasha
  6885 | D:5      | Reached skill level 1 in Stealth
  6889 | D:5      | Noticed Ijyb
  6906 | D:5      | Reached XP level 8. HP: 67/78 MP: 7/7
  6915 | D:5      | Killed Ijyb
  6972 | D:5      | Reached skill level 8 in Unarmed Combat
  7137 | D:5      | Reached **** piety under Trog
  7285 | D:5      | Found a snail-covered altar of Cheibriados.
  7399 | D:5      | Noticed Menkaure
  7402 | D:5      | Killed Menkaure
  7527 | D:5      | Noticed a hornet
  7533 | D:5      | Killed a hornet
  7534 | D:5      | Reached skill level 5 in Dodging
  7534 | D:5      | Reached skill level 9 in Unarmed Combat
  7573 | D:5      | Found a white marble altar of Elyvilon.
  7848 | D:6      | Found Qagywoyj's Jewellery Shoppe.
  7866 | D:6      | Found a shimmering altar of Xom.
  7870 | D:6      | Found a broken altar of Ashenzari.
  7870 | D:6      | Found a glowing golden altar of the Shining One.
  7870 | D:6      | Found a blossoming altar of Fedhas.
  7905 | D:6      | Noticed Jeremiah
  7932 | D:6      | HP: 2/66 [Jeremiah/+4 trident of draining (4)]
  7933 | D:6      | Killed Jeremiah
  7934 | D:6      | Reached XP level 9. HP: 4/82 MP: 8/8
  8232 | D:6      | Found a hazy altar of Hepliaklqana.
  8317 | D:6      | Found a transporter.
  8321 | D:6      | Found Ynwof's Distillery.
  8440 | D:6      | Found a transporter.
  8550 | D:7      | Noticed a troll
  8559 | D:7      | Killed a troll
  8564 | D:7      | Reached skill level 10 in Unarmed Combat
  8589 | D:7      | HP: 3/87 [something (5)]
  8591 | D:7      | Slain by a sky beast

Illustrated notes

Levels and vault maps discovered:
D:1:      sevenhm_arrival_forest_fort_large_4, layout_loops_corners
D:2:      layout_basic
D:3:      layout_loops_ring, minmay_pentomino_pile
D:4:      layout_basic, demons_altar, mainiacjoe_overflow_alcove_1,
          minmay_temple_entry_slanted, kennysheep_generic_room_12,
          uniq_blork_the_orc, uniq_natasha
D:5:      layout_loops_ring, mainiacjoe_overflow_alcove_4,
          mainiacjoe_overflow_24_doors, uniq_sigmund, uniq_menkaure, uniq_ijyb
D:6:      layout_basic, nicolae_hepliaklqana_monster_ancestors,
          grunt_temple_overflow_open, serial_shops,
          nicolae_shop_advertising_works [nicolae_subvault_shop_adworks],
          nicolae_shop_drivethru, uniq_jeremiah
D:7:      minmay_opposing_rooms, layout_basic, serial_bayou,
          serial_bayou_shore_b, serial_bayou_shore_b, serial_bayou_pond_d,
          serial_bayou_pond_b, serial_shops, shop, uniq_joseph
Temple:   nicolae_temple_bog_church

Skill      XL: |  1  2  3  4  5  6  7  8  9 |
---------------+----------------------------+-----
Dodging        | 3 4 5 |  5.5
Unarmed Combat | 4 5 6 7 9 10 | 10.1
Fighting       | 3 4 |  4.8
Stealth        | 1 |  1.7

Action                     |  1- 3 |  4- 6 |  7- 9 || total
---------------------------+-------+-------+-------++-------
  Melee: Unarmed           |    84 |   123 |   218 ||   425
         Punch             |     1 |     2 |     5 ||     8
 Invoke: Berserk           |       |       |     2 ||     2
    Use: Scroll            |       |       |     7 ||     7
         Potion            |       |       |     1 ||     1
 Armour: Animal skin       |    52 |    72 |   183 ||   307
  Dodge: Dodged            |    53 |    50 |   105 ||   208

Table legend: (Time is in decaauts)
 A = Elapsed time spent in this place.
 B = Non-inter-level travel time spent in this place.
 C = Inter-level travel time spent in this place.
 D = Time resting spent in this place.
 E = Time spent auto-exploring this place.
 F = Levels seen in this place.
 G = Mean time per level.
                   A        B        C        D        E       F      G
               +--------+--------+--------+--------+--------+-----+--------+
         Total |   8568 |   8198 |    370 |   3234 |   3888 |   8 | 1071.0 |
       Dungeon |   8566 |   8196 |    370 |   3234 |   3888 |   7 | 1223.7 |
        Temple |      1 |      1 |      0 |      0 |      0 |   1 |    1.0 |
               +--------+--------+--------+--------+--------+-----+--------+

Top non-repeatable levels by time:
     D:4: 4257 daAuts
     D:1: 1069 daAuts
     D:5: 909 daAuts
     D:6: 773 daAuts
     D:2: 766 daAuts
     D:3: 705 daAuts
     D:7: 84 daAuts
  Temple: 1 daAuts
